 Dungeon Crawl Stone Soup version 0.29-a0-557-g43b9904bd1 (webtiles) character file.

Game seed: 9249239578649248179

12248 Pelinal the Thaumaturge (level 12, 0/85 HPs)
             Began as a Djinni Warper on June 9, 2022.
             Was a Follower of Ashenzari.
             Slain by an ice devil (18 damage)
             ... on level 1 of the Lair of Beasts.
             The game lasted 00:37:47 (17823 turns).

Pelinal the Thaumaturge (Djinni Warper)            Turns: 17823, Time: 00:37:48

Health: 0/85       AC:  7    Str: 12    XL:     12   Next: 17%
Gold:   583        EV: 12    Int: 18    God:    Ashenzari [*.....] SH:  5 Dex: 18

rFire   + + +      SeeInvis .   v - +10 flail of Demonkind {vorpal, rF+}
rCold   x . .      Faith    .   (no shield)
rNeg    . . .      Spirit   .   q - +2 robe of the Manifest Visionary {Fort, Evo} (curse)
rPois   ∞          Reflect  +   (helmet restricted)
rElec   .          Harm     .   w - +1 cloak {Will+}
rCorr   .          Rampage  .   u - +0 pair of gloves {Dex+3}
Will    ++...                   (boots unavailable)
Stlth   +++.......              V - amulet "Ensconced Entitlement" {Reflect SH+5, Range, Evo} (curse)
HPRegen 0.24/turn               (no ring)
MPRegen 0.00/turn               (no ring)

@: flying
A: sickness immunity, fire resistance 2, cold vulnerability 1, float, innate
caster, HP casting, extra vitality 1, horns 1, clever 1, screaming 1
a: Renounce Religion, Curse Item, Shatter the Chains


You were on level 1 of the Lair of Beasts.
You worshipped Ashenzari.
Ashenzari was aware of your devotion.
You visited 3 branches of the dungeon, and saw 13 of its levels.
You also visited: Bailey.

You collected 745 gold pieces.
You spent 162 gold pieces at shops.

Inventory:

Hand Weapons
 a - a +0 mace
 j - a +1 whip of venom
 v - the +10 flail of Demonkind (weapon) {vorpal, rF+}
   (You found it on level 5 of the Dungeon)

   It inflicts extra damage upon your enemies.
   rF:        It protects you from fire.
 I - the +6 dagger of Ceff {vorpal, *Rage Int+5 Stlth+}
   (You found it on level 7 of the Dungeon)

   It inflicts extra damage upon your enemies.
   Int:       It affects your intelligence (+5).
   *Rage:     It berserks you when you make melee attacks (+20% chance).
   Stlth:     It makes you more stealthy.
Missiles
 d - 7 boomerangs of dispersal
 n - a curare-tipped dart
 B - 30 poisoned darts (quivered)
 K - a boomerang
Armour
 b - a +0 leather armour
 q - the cursed +2 robe of the Manifest Visionary (worn) {Fort, Evo}
   (You found it in a bailey)

   It has a curse which improves the following skills: Fortitude: Armour and
   Shields.
   Evocations: Evocations.
 u - a +0 pair of gloves of dexterity (worn)
 w - a +1 cloak of willpower (worn)
 O - +0 acid dragon scales
Magical Staves
 D - a staff of air
Jewellery
 g - a ring of fire
 F - a ring of fire
 V - the cursed amulet "Ensconced Entitlement" (around neck) {Reflect SH+5, Range, Evo}
   (You found it on level 10 of the Dungeon)

   [amulet of reflection]

   It reflects blocked missile attacks.
   SH:        It affects your SH (+5).
   It has a curse which improves the following skills: Ranged Combat: Slings,
   Bows, Crossbows and Throwing.
   Evocations: Evocations.
Wands
 y - a wand of acid (4)
 N - a wand of mindburst (33)
 T - a wand of flame (8)
Scrolls
 c - 6 scrolls of blinking
 h - 2 scrolls of noise
 k - 3 scrolls of magic mapping
 m - a scroll of vulnerability
 p - 2 scrolls of silence
 r - a scroll of enchant weapon
 t - a scroll of teleportation
 x - 2 scrolls of summoning
 C - a scroll of brand weapon
 E - 3 scrolls of fear
 G - a scroll of immolation
 H - a scroll of torment
Potions
 e - a potion of invisibility
 f - a potion of degeneration
 i - 2 potions of might
 l - 3 potions of cancellation
 o - 2 potions of curing
 s - 2 potions of lignification
 z - a potion of berserk rage
 A - 5 potions of brilliance
 J - a potion of heal wounds
 L - a potion of magic
 R - 2 potions of ambrosia
 S - a potion of haste
 U - a potion of attraction


   Skills:
 + Level 7.2 Fighting
 - Level 5.4 Maces & Flails
 - Level 5.2(6.0) Throwing
 - Level 1.0(1.5) Armour
 - Level 2.1 Dodging
 - Level 5.1 Stealth
 + Level 10.5 Spellcasting
 - Level 3.7(5.0) Evocations


You had 4 spell levels left.
You knew the following spells:

 Your Spells              Type           Power      Damage    Failure   Level
a - Necrotize             Necr           100%       1d9       1%          1
b - Lesser Beckoning      Tloc           47%        N/A       1%          3
c - Gell's Gravitas       Tloc           47%        N/A       1%          3
d - Teleport Other        Tloc           47%        N/A       1%          3
e - Manifold Assault      Tloc           47%        N/A       2%          5
f - Static Discharge      Conj/Air       47%        N/A       1%          2
g - Scorch                Fire           94%        2d10      1%          2
h - Hailstorm             Conj/Ice       47%        3d11      1%          4
z - Vampiric Draining     Necr           47%        2d9       1%          3
F - Blink                 Tloc           94%        N/A       1%          2
Your spell library was empty.

Dungeon Overview and Level Annotations

Branches:
Dungeon (11/15)            Temple (1/1) D:5            Lair (1/6) D:11
    Orc (0/2) D:9          Bailey (visited)

Altars:
Ashenzari
Cheibriados
Dithmenos
Elyvilon
Fedhas
Gozag
Hepliaklqana
Kikubaaqudgha
Makhleb
Nemelex Xobeh
Okawaru
Qazlal
Ru
Sif Muna
Trog
Uskayaw
Vehumet
Wu Jian
Xom
Yredelemnul
Zin
The Shining One

Shops:
D:6 [*

Portals:
Trove: D:10 (give 5 potions of resistance)


Innate Abilities, Weirdness & Mutations

You are immune to sickness and miasma.
You are immune to poison.
Your flesh is very heat resistant. (rF++)
You are vulnerable to cold. (rC-)
You float through the air rather than walking.
You learn spells naturally, not from books.
Your magical power is your life essence.
You have superior vitality. (+4 MHP)
You have a pair of small horns on your head.
Your mind is acute. (Int +2)
You occasionally shout uncontrollably at your foes.


Message History

Unknown command.
Casting: Scorch (safe; 1% risk of failure)
Confirm with . or Enter, or press ? or * to list all spells.
Flames lash the ice devil but do no damage.
The ice devil closely misses you.
Unknown command.
Casting: Scorch (safe; 1% risk of failure)
Confirm with . or Enter, or press ? or * to list all spells.
Flames lash the ice devil.
The ice devil is lightly wounded.
The ice devil's fire resistance burns away.
You hear a bellow! x2
The ice devil barely misses you.
You hear a bellow!
Casting: Scorch (safe; 1% risk of failure)
Confirm with . or Enter, or press ? or * to list all spells.
Flames lash the ice devil.
The ice devil is burned terribly!
The ice devil is moderately wounded.
The ice devil hits you but does no damage.
Unknown command.
Casting: Scorch (safe; 1% risk of failure)
Confirm with . or Enter, or press ? or * to list all spells.
Flames lash the ice devil.
The ice devil is burned terribly!
The ice devil is heavily wounded.
The ice devil hits you but does no damage.
Unknown command.
Casting: Scorch (safe; 1% risk of failure)
Confirm with . or Enter, or press ? or * to list all spells.
Flames lash the ice devil but do no damage.
The ice devil hits you! The ice devil freezes you!!
You feel a terrible chill!
Unknown command.
Casting: Scorch (safe; 1% risk of failure)
Confirm with . or Enter, or press ? or * to list all spells.
Flames lash the ice devil.
The ice devil is burned terribly!
The ice devil is heavily wounded.
You hear a bellow!
The ice devil hits you!
* * * LOW HITPOINT WARNING * * *
The ice devil freezes you!!
You feel a terrible chill!
You die...

..# #......#.........
.## #......##.#...#...#
.
##.................###.
+
#......................
.......................
.......................
........................
.............4.........
............@..........
#....###P####.#.....P##
.#... ### ###....###
#... ##.!..## #.
#.....P# ....#..
##....## ....#.. #
#.....# #.#.#...
.#.##.YY....
.../.........
.........#P##


You could see an ice devil (combustible).

Vanquished Creatures
  A boulder beetle (D:11)
  A death yak (Lair:1)
  An orc knight (Bailey)
  A manticore (D:10)
  3 cane toads (Lair:1)
  A rime drake (Lair:1)
  2 polar bears (Lair:1)
  A hornet (D:9)
  A shadow (D:10)
  9 yaks
  A basilisk (Lair:1)
  A wyvern (D:9)
  Edmund (D:4)
  2 steam dragons
  An acid dragon (D:9)
  2 water moccasins
  10 orc warriors
  6 sky beasts
  3 black bears
  7 ice beasts
  3 ogres
  A centaur (D:7)
  2 phantoms
  3 kobold brigands
  6 bullfrogs
  A necrophage (D:6)
  A gnoll sergeant (D:9)
  5 scorpions
  5 killer bees (D:10)
  4 electric eels
  7 howler monkeys
  3 hounds
  2 gnoll shamans
  8 orc priests
  4 jellies
  Jessica (D:2)
  Ijyb (D:4)
  Terence (D:3)
  Natasha (thrice) (D:4)
  7 iguanas
  14 orc wizards
  7 adders
  13 gnolls
  A shadow imp (D:6)
  3 white imps
  A worm (D:2)
  4 dart slugs
  51 orcs
  4 endoplasms
  4 giant cockroaches
  9 goblins
  10 hobgoblins
  4 jackals (D:5)
  16 kobolds
  4 quokkas
  6 ball pythons
  6 bats
  5 frilled lizards (D:1)
  2 rats
287 creatures vanquished.

Vanquished Creatures (others)
  3 fungi (Lair:1)
  7 plants
10 creatures vanquished.

Grand Total: 297 creatures vanquished

Notes
Turn   | Place    | Note
-------+----------+-------------------------------------------
     0 | D:1      | Pelinal the Djinni Warper began the quest for the Orb.
     0 | D:1      | Reached XP level 1. HP: 18/18 MP: 0/0
   174 | D:1      | Reached XP level 2. HP: 23/23 MP: 0/0
   708 | D:1      | Reached XP level 3. HP: 29/29 MP: 0/0
   708 | D:1      | Learned a level 1 spell: Necrotize
  1003 | D:1      | Found a faded altar of an unknown god.
  1737 | D:2      | Noticed Jessica
  1752 | D:2      | Killed Jessica
  1753 | D:2      | Reached XP level 4. HP: 7/34 MP: 0/0
  2409 | D:2      | Reached skill level 3 in Spellcasting
  2543 | D:2      | Reached XP level 5. HP: 13/40 MP: 0/0
  2543 | D:2      | Learned a level 2 spell: Static Discharge
  3145 | D:3      | Reached XP level 6. HP: 38/46 MP: 0/0
  3387 | D:3      | Noticed Terence
  3400 | D:3      | Killed Terence
  3911 | D:4      | Noticed Natasha
  3920 | D:4      | Killed Natasha
  3988 | D:4      | Noticed Ijyb
  4042 | D:4      | You are sucked into a shaft and drop 2 floors!
  4061 | D:5      | Entered Level 5 of the Dungeon
  4278 | D:6      | Found Hemuercha's Armour Shop.
  4281 | D:6      | Bought a +0 pair of gloves of dexterity for 138 gold pieces
  4352 | D:5      | Found a shadowy altar of Dithmenos.
  4361 | D:4      | Noticed a black bear
  4490 | D:5      | Reached skill level 4 in Spellcasting
  4490 | D:5      | Reached XP level 7. HP: 38/52 MP: 0/0
  4490 | D:5      | Learned a level 2 spell: Scorch
  4817 | D:5      | Identified the +10 flail of Demonkind {vorpal, rF+}
  5021 | D:5      | Reached XP level 8. HP: 26/58 MP: 0/0
  5203 | D:4      | Noticed Natasha
  5437 | D:4      | Killed Natasha
  5468 | D:4      | Noticed Natasha
  5474 | D:4      | Killed Natasha
  5500 | D:4      | Reached skill level 5 in Fighting
  5500 | D:4      | Reached skill level 5 in Spellcasting
  5739 | D:4      | Identified the +2 ring mail of Demonic Amelioration {+Blink
                  | +Inv Fly rC-}
  5867 | D:4      | Noticed Edmund
  6385 | D:5      | Found a staircase to the Ecumenical Temple.
  6395 | Temple   | Entered the Ecumenical Temple
  6528 | Temple   | Became a worshipper of Ashenzari the Shackled
  6732 | D:5      | Noticed a yak
  6972 | D:4      | Killed Edmund
  7193 | D:4      | Reached XP level 9. HP: 54/66 MP: 0/0
  7193 | D:4      | Learned a level 3 spell: Vampiric Draining
  7371 | D:4      | Killed Ijyb
  7656 | D:5      | Reached skill level 6 in Spellcasting
  7679 | D:5      | Reached skill level 5 in Maces & Flails
  7981 | D:6      | Found Feurphuta's General Store.
  7991 | D:6      | Bought a scroll of identify for 24 gold pieces
  8999 | D:6      | Reached skill level 7 in Spellcasting
  9575 | D:7      | Reached XP level 10. HP: 53/73 MP: 0/0
  9586 | D:7      | Found a flagged portal.
  9615 | Bailey   | Entered a bailey
  9983 | Bailey   | Reached skill level 8 in Spellcasting
  9988 | Bailey   | Reached skill level 1 in Stealth
 10084 | Bailey   | Gained mutation: You have a pair of small horns on your
                  | head. [potion of mutation]
 10084 | Bailey   | Gained mutation: Your mind is acute. (Int +2) [potion of
                  | mutation]
 10248 | Bailey   | Lost mutation: Your mind is acute. (Int +2) [potion of
                  | mutation]
 10248 | Bailey   | Lost mutation: You have a pair of small horns on your head.
                  | [potion of mutation]
 10248 | Bailey   | Gained mutation: You are robust. (+10% HP) [potion of
                  | mutation]
 10248 | Bailey   | Gained mutation: Your skin changes colour to match your
                  | surroundings (Stealth+). [potion of mutation]
 10248 | Bailey   | Gained mutation: You occasionally shout uncontrollably at
                  | your foes. [potion of mutation]
 10248 | Bailey   | Gained mutation: You have hidden genetic potential. [potion
                  | of mutation]
 10249 | Bailey   | Lost mutation: You occasionally shout uncontrollably at
                  | your foes. [potion of mutation]
 10249 | Bailey   | Lost mutation: You are robust. (+10% HP) [potion of
                  | mutation]
 10249 | Bailey   | Gained mutation: You are occasionally teleported next to
                  | monsters. [potion of mutation]
 10249 | Bailey   | Gained mutation: You possess an exceptional clarity of
                  | mind. [potion of mutation]
 10569 | Bailey   | Noticed an orc knight
 10589 | Bailey   | Killed an orc knight
 11029 | D:7      | Reached skill level 9 in Spellcasting
 11498 | D:7      | Identified the +6 dagger of Ceff {vorpal, *Rage Int+5
                  | Stlth+}
 12193 | D:8      | Reached XP level 11. HP: 49/78 MP: 0/0
 12193 | D:8      | Learned a level 4 spell: Hailstorm
 12814 | D:8      | Lost mutation: You possess an exceptional clarity of mind.
                  | [potion of mutation]
 12814 | D:8      | Lost mutation: You are occasionally teleported next to
                  | monsters. [potion of mutation]
 12814 | D:8      | Gained mutation: You are robust. (+10% HP) [potion of
                  | mutation]
 12814 | D:8      | Gained mutation: Your spells are a little harder to cast,
                  | but a little more powerful. [potion of mutation]
 12814 | D:8      | Gained mutation: You occasionally shout uncontrollably at
                  | your foes. [potion of mutation]
 12814 | D:8      | Gained mutation: You have great hidden genetic potential.
                  | [potion of mutation]
 12831 | D:8      | Gained mutation: You have a pair of small horns on your
                  | head. [hidden potential]
 12959 | D:8      | HP: 4/85 [yak (15)]
 13313 | D:8      | Reached skill level 10 in Spellcasting
 13315 | D:8      | Reached skill level 5 in Stealth
 14313 | D:9      | Reached skill level 1 in Throwing
 14566 | D:9      | Found a staircase to the Orcish Mines.
 14890 | D:10     | Entered Level 10 of the Dungeon
 14892 | D:10     | Found a portal to a secret trove of treasure.
 15282 | D:10     | Lost mutation: Your spells are a little harder to cast, but
                  | a little more powerful. [potion of mutation]
 15282 | D:10     | Lost mutation: You have great hidden genetic potential.
                  | [potion of mutation]
 15282 | D:10     | Lost mutation: Your skin changes colour to match your
                  | surroundings (Stealth+). [potion of mutation]
 15282 | D:10     | Lost mutation: You are robust. (+10% HP) [potion of
                  | mutation]
 15740 | D:10     | Reached * piety under Ashenzari
 15916 | D:11     | Noticed a manticore
 15926 | D:10     | Killed a manticore
 15927 | D:10     | Reached skill level 1 in Evocations
 16647 | D:11     | Noticed a boulder beetle
 16665 | D:11     | Killed a boulder beetle
 16802 | D:11     | Found a staircase to the Lair.
 16850 | Lair:1   | Entered Level 1 of the Lair of Beasts
 17171 | Lair:1   | Reached skill level 5 in Throwing
 17171 | Lair:1   | Reached XP level 12. HP: 35/84 MP: 0/0
 17667 | Lair:1   | Noticed a death yak
 17686 | Lair:1   | Gained mutation: Your mind is acute. (Int +2) [hidden
                  | potential]
 17686 | Lair:1   | Lost mutation: You have hidden genetic potential. [hidden
                  | potential expressed]
 17687 | Lair:1   | Killed a death yak
 17823 | Lair:1   | Slain by an ice devil

Illustrated notes

Levels and vault maps discovered:
D:1:      dpeg_arrival_three_same_balls, layout_basic,
          hellmonk_ecumenical_altar_crossroads, moated_statue
D:2:      layout_loops_ring, serial_forest, infiniplex_forest_straight_1,
          infiniplex_forest_lined_3, infiniplex_forest_straight_1,
          infiniplex_forest_lined_room_3, kennysheep_pointless_box, uniq_jessica
D:3:      layout_rooms, uniq_terence
D:4:      layout_rooms, uniq_ijyb, uniq_edmund, uniq_natasha
D:5:      minmay_chambers_of_fours, layout_rooms, grunt_dithmenos_smoke,
          minmay_temple_entry_wispy
D:6:      layout_loops_ring, serial_shops, kennysheep_mini, shop
D:7:      nzn_winding_woodlands_cross [nzn_winding_woodlands_5x15_jagged,
          nzn_winding_woodlands_5x15_pool, nzn_winding_woodlands_5x15_eye,
          nzn_winding_woodlands_5x15_split_checker,
          nzn_winding_woodlands_15x15_eel_pit], layout_loops_ring,
          enter_bailey_4, corexii_leaking_fountain
D:8:      layout_gridville
D:9:      layout_roguey, grunt_ministairs_1, kennysheep_donut,
          kennysheep_diamond
D:10:     layout_roguey, nicolae_trove_entry_crossroad, minmay_door_square,
          serial_bayou_lagoon_a
D:11:     layout_basic, lair_entry_dummy, uniq_fannar
Temple:   kilobyte_greek_temple
Lair:1:   dreamdust_isle_of_ice, layout_regular_city

Skill      XL: |  1  2  3  4  5  6  7  8  9 10 11 12 |
---------------+-------------------------------------+-----
Maces & Flails | 2 3 4 5 |  5.4
Fighting       | 3 4 5 6 7 |  7.2
Spellcasting   | 3 4 5 7 9 10 | 10.5
Stealth        | 4 5 |  5.1
Throwing       | 5 |  5.2
Evocations     | 3 |  3.7
Armour         | |  1.0
Dodging        | |  2.1

Action                   |  1- 3 |  4- 6 |  7- 9 | 10-12 || total
-------------------------+-------+-------+-------+-------++-------
Melee: Mace              |    72 |       |       |       ||    72
       Punch             |     1 |     2 |     1 |       ||     4
       Whip              |    15 |    99 |    14 |       ||   128
       Flail             |       |       |    93 |   108 ||   201
       Staff             |       |       |       |     1 ||     1
       Headbutt          |       |       |       |     8 ||     8
Throw: Dart              |       |       |     4 |    13 ||    17
       Throwing net      |       |       |       |     1 ||     1
 Cast: Blink             |     1 |     3 |     5 |     5 ||    14
       Necrotize         |     8 |    42 |    11 |    36 ||    97
       Static Discharge  |       |     2 |    24 |    11 ||    37
       Scorch            |       |       |    73 |    49 ||   122
       Teleport Other    |       |       |     3 |       ||     3
       Vampiric Draining |       |       |    17 |   112 ||   129
       Manifold Assault  |       |       |       |    14 ||    14
       Hailstorm         |       |       |       |    27 ||    27
       Gell's Gravitas   |       |       |       |     2 ||     2
Invok: Curse Item        |       |       |     1 |     2 ||     3
Evoke: Wand              |       |       |       |     7 ||     7
  Use: Potion            |     2 |     1 |       |     5 ||     8
       Scroll            |       |     2 |     3 |     6 ||    11
 Stab: Sleeping          |       |     1 |       |     7 ||     8
Armor: Leather armour    |    63 |    31 |    44 |     4 ||   142
       Robe              |       |       |       |    40 ||    40
Dodge: Dodged            |    84 |    63 |   113 |   149 ||   409
Block: Other             |       |       |       |    10 ||    10
       Reflection        |       |       |       |     1 ||     1

Table legend: (Time is in decaauts)
 A = Elapsed time spent in this place.
 B = Non-inter-level travel time spent in this place.
 C = Inter-level travel time spent in this place.
 D = Time resting spent in this place.
 E = Time spent auto-exploring this place.
 F = Levels seen in this place.
 G = Mean time per level.
                   A        B        C        D        E       F      G
               +--------+--------+--------+--------+--------+-----+--------+
         Total |  17870 |  17263 |    607 |   7517 |   6752 |  14 | 1276.4 |
       Dungeon |  15682 |  15107 |    575 |   6204 |   6493 |  11 | 1425.6 |
        Temple |    165 |    133 |     32 |      0 |    120 |   1 |  165.0 |
          Lair |    852 |    852 |      0 |    579 |     42 |   1 |  852.0 |
        Bailey |   1169 |   1169 |      0 |    734 |     97 |   1 | 1169.0 |
               +--------+--------+--------+--------+--------+-----+--------+

Top non-repeatable levels by time:
     D:6: 1996 daAuts
     D:5: 1910 daAuts
     D:2: 1605 daAuts
     D:1: 1527 daAuts
     D:8: 1442 daAuts
     D:4: 1420 daAuts
     D:7: 1399 daAuts
    D:10: 1265 daAuts
     D:3: 1248 daAuts
  Bailey: 1169 daAuts
     D:9: 1050 daAuts
  Lair:1: 852 daAuts
    D:11: 817 daAuts
  Temple: 165 daAuts
